 Dungeon Crawl Stone Soup version 0.16.2-12-gd0ad4c3 (webtiles) character file.

57360 valsik64 the Arsonist (level 14, -4/88 HPs)
             Began as a Gargoyle Fire Elementalist on Sept 22, 2015.
             Was the Champion of Makhleb.
             Slain by a spiny frog (15 damage)
             ... on level 6 of the Lair of Beasts on Sept 25, 2015.
             The game lasted 03:59:49 (33103 turns).

valsik64 the Arsonist (Gargoyle Fire Elementalist) Turns: 33103, Time: 03:59:49

Health: -4/88      AC: 32    Str: 14    XL:     14   Next: 85%
Magic:  26/35      EV: 14    Int: 26    God:    Makhleb [******]
Gold:   1528       SH:  0    Dex: 10    Spells: 7 memorised, 3 levels left

rFire  + . .     SeeInvis .     u - +8 great mace (pain)
rCold  x . .     Clarity  .     Y - +3 steam dragon armour
rNeg   + + .     SustAb   .     (no shield)
rPois  ∞         Gourm    .     a - +0 helmet
rElec  +         Spirit   .     F - +2 cloak
rCorr  .         Warding  +     T - +2 pair of gloves
rMut   .         Stasis   .     H - +0 pair of boots
MR     +....                    e - amulet of warding
Stlth  ++........               j - +3 ring of protection
                                O - ring of Juty Koga {Fire rElec MP+9 Int+7}

@: flying, slowed, very slow, somewhat resistant to hostile enchantments,
unstealthy
A: able to fly continuously, big wings, yellow scales 1, negative energy
resistance 1, electricity resistance, unbreathing, petrification resistance, rot
immunity, AC +9
a: Stop Flying, Minor Destruction, Lesser Servant of Makhleb, Major Destruction,
Greater Servant of Makhleb, Renounce Religion


You were on level 6 of the Lair of Beasts.
You worshipped Makhleb.
Makhleb was exalted by your worship.
You were very hungry.

You visited 5 branches of the dungeon, and saw 25 of its levels.

You collected 1618 gold pieces.
You spent 90 gold pieces at shops.

Inventory:

Hand weapons
 u - a +8 great mace of pain (weapon)
 R - a +2 flail of protection
Missiles
 z - 5 javelins of returning (quivered)
Armour
 a - a +0 helmet (worn)
 m - the +3 buckler "Poaha" {Str+2}
   (You acquired it on level 8 of the Dungeon)

   It affects your strength (+2).
 F - a +2 cloak (worn)
 H - a +0 pair of boots (worn)
 K - a +1 scale mail of cold resistance
 M - the -1 helmet of the Bard {rPois rC- MP+9 Dex+2}
   (You acquired it on level 1 of the Spider Nest)

   It affects your dexterity (+2).
   It makes you vulnerable to cold.
   It protects you from poison.
   It affects your magic capacity (+9).
 N - a +2 chain mail of fire resistance
 T - a +2 pair of gloves (worn)
 Y - a +3 steam dragon armour (worn)
Magical staves
 A - an uncursed staff of conjuration
Jewellery
 e - an amulet of warding (around neck)
 g - an uncursed ring of positive energy
 j - a +3 ring of protection (right hand)
 v - an uncursed ring of protection from fire
 w - an uncursed ring of stealth
 O - the ring of Juty Koga (left hand) {Fire rElec MP+9 Int+7}
   (You found it on level 1 of the Spider Nest)

   [ring of fire]

   It enhances your fire magic, and weakens your ice magic.
   It affects your intelligence (+7).
   It protects you from fire.
   It makes you vulnerable to cold.
   It insulates you from electricity.
   It affects your magic capacity (+9).
 W - an uncursed amulet of resist mutation
Magical devices
 h - a wand of digging (15)
Scrolls
 i - 4 scrolls of remove curse
 r - 5 scrolls of teleportation
 s - 4 scrolls of fog
 G - 2 scrolls of blinking
 S - 2 scrolls of identify
 U - 3 scrolls of amnesia
Potions
 d - 4 potions of restore abilities
 f - 6 potions of brilliance
 k - 2 potions of heal wounds
 l - 5 potions of haste
 o - 8 potions of curing
 p - 2 potions of cure mutation
 B - 2 potions of resistance
 D - a potion of lignification
 E - 2 potions of agility
 V - 3 potions of cancellation
Books
 b - a book of Flames

   Spells                             Type                      Level
   a - Flame Tongue                   Conjuration/Fire             1
   b - Throw Flame                    Conjuration/Fire             2
   c - Conjure Flame                  Conjuration/Fire             3
   d - Inner Flame                    Hexes/Fire                   3
   e - Sticky Flame                   Conjuration/Fire             4
   f - Fireball                       Conjuration/Fire             5
 x - a book of Beasts

   Spells                             Type                      Level
   a - Summon Butterflies             Summoning                    1
   b - Call Canine Familiar           Summoning                    3
   c - Summon Ice Beast               Ice/Summoning                4
   d - Summon Mana Viper              Hexes/Summoning              5
   e - Monstrous Menagerie            Summoning                    6
   f - Summon Hydra                   Summoning                    7
 Q - a book of Spatial Translocations

   Spells                             Type                      Level
   a - Apportation                    Translocation                1
   b - Blink                          Translocation                2
   c - Shroud of Golubria             Charms/Translocation         2
   d - Portal Projectile              Translocation                3
   e - Teleport Other                 Translocation                3
   f - Passage of Golubria            Translocation                4
 Z - a book of Changes

   Spells                             Type                      Level
   a - Beastly Appendage              Transmutation                1
   b - Sticks to Snakes               Transmutation                2
   c - Spider Form                    Transmutation/Poison         3
   d - Ice Form                       Ice/Transmutation            4
   e - Blade Hands                    Transmutation                5
Miscellaneous
 J - an ornate deck of changes
Comestibles
 c - 14 bread rations
 n - 10 royal jellies
 q - 16 meat rations
 t - 3 fruits


   Skills:
 + Level 10.1 Fighting
 + Level 7.6 Maces & Flails
 - Level 4.0 Armour
 - Level 6.1 Dodging
 - Level 2.1 Stealth
 - Level 4.1 Shields
 - Level 5.0 Spellcasting
 - Level 9.1 Conjurations
 - Level 11.1 Summonings
 - Level 3.0 Translocations
 - Level 13.1 Fire Magic
 - Level 3.0 Ice Magic
 - Level 6.2 Invocations


You had 3 spell levels left.
You knew the following spells:

 Your Spells              Type           Power        Failure   Level  Hunger
a - Flame Tongue          Conj/Fire      #####        1%          1    None
b - Throw Flame           Conj/Fire      ######       1%          2    None
c - Conjure Flame         Conj/Fire      #######.     1%          3    #......
d - Fireball              Conj/Fire      #######...   2%          5    #####..
e - Blink                 Tloc           N/A          3%          2    None
f - Summon Ice Beast      Ice/Summ       ###.....     6%          4    ###....
q - Call Canine Familiar  Summ           ######..     1%          3    #......


Dungeon Overview and Level Annotations

Branches:
Dungeon (11/15)            Temple (0/1) D:5            Lair (7/8) D:11
  Swamp (1/5) Lair:6       Spider (4/5) Lair:4        Slime (0/6) Lair:6
    Orc (2/4) D:11

Altars:
Ashenzari
Cheibriados
Dithmenos
Fedhas
Gozag
Kikubaaqudgha
Makhleb
Okawaru
Qazlal
Trog
Vehumet
Xom
Jiyva

Shops:
D:10 :*   Orc:1 :

Annotations:
Spider:3 exclusion: Roxanne, Roxanne


Innate Abilities, Weirdness & Mutations

You are resistant to torment.
You are immune to poison.
You can fly continuously.
Your stone body is very resilient (AC +9).
Your wings are large and strong.
You resist negative energy.
You are resistant to electric shocks.
You can survive without breathing.
You are immune to petrification.
You are immune to rotting.
You are partially covered in yellow scales (AC +2).


Message History

The five-headed hydra seems to slow down.
Your warg bites the five-headed hydra!
The five-headed hydra barely misses your warg.
The five-headed hydra completely misses your warg.
The five-headed hydra bites your warg! x2
Your warg dies!
Your warg's corpse disappears in a puff of smoke!
The five-headed hydra bites your ice beast.
Casting: Summon Ice Beast
Confirm with . or Enter, or press ? or * to list all spells.
The spiny frog barely misses you.
Your ice beast closely misses the five-headed hydra.
The five-headed hydra bites you.
* * * LOW HITPOINT WARNING * * *
The five-headed hydra bites you but does no damage. x2
The five-headed hydra bites you!
* * * LOW HITPOINT WARNING * * *
The five-headed hydra closely misses you.
The spiny frog stings you!
You die...

....................÷.......§§...
.................................
............................##...
.........................PP.##...
............................P....
.................♣♣♣♣♣♣♣♣......Y.
.P#.......#..♣♣♣♣♣♣♣♣♣♣♣♣♣♣♣♣♣.h.
.####.....#.♣♣§§≈≈≈♣≈≈≈≈≈≈≈≈≈♣♣♣.
#####.......♣♣≈F@Y....♣h..♣.....♣
.##.........♣♣≈hD.♣.............♣
###.#..#..#.♣♣≈≈≈≈≈♣≈≈≈≈≈≈≈≈≈♣♣♣.
........##.♣.♣♣♣♣♣♣♣♣♣♣♣♣♣♣♣♣♣...
........##.....♣ ♣♣♣♣........
...............♣ ♣...........
...P...........♣ ♣...........
...............♣ ♣...........
...............♣ ♣.....#.....


You could see a five-headed hydra, a spiny frog, a friendly ice beast and a
friendly wolf.

Vanquished Creatures
  An emperor scorpion (Spider:3)
  Jorgrun (Spider:3)
  4 hydras
  2 death yaks
  Urug (D:10)
  Erolcha (D:8)
  Pikel (D:9)
  2 hornets (Spider:1)
  An ugly thing (D:11)
  3 orb spiders
  8 wolf spiders
  A cyclops (D:11)
  A griffon (Lair:7)
  Joseph (D:8)
  5 black mambas
  8 spiny frogs
  A fire drake (Lair:3)
  6 komodo dragons
  2 trolls
  7 jumping spiders
  8 demonic crawlers
  A giant leech (Swamp:1)
  2 boulder beetles (Spider:3)
  2 polar bears
  A trapdoor spider zombie (D:11)
  3 blink frogs (Lair:5)
  6 basilisks
  9 trapdoor spiders
  24 redbacks
  2 water elementals (D:10)
  A steam dragon (Lair:5)
  4 wolves
  8 tarantellas
  11 yaks
  3 hippogriffs
  A soldier ant (D:8)
  Edmund (D:6)
  6 swamp worms (Lair:6)
  13 water moccasins
  2 sky beasts
  5 porcupines
  9 spiders
  8 orc warriors
  2 ice beasts
  5 centaurs
  2 phantoms
  2 black bears (D:6)
  A boring beetle (D:8)
  7 ogres
  Sigmund (D:5)
  A big kobold (D:9)
  11 giant frogs
  8 crocodiles
  3 jellies
  5 scorpions
  A water moccasin skeleton (D:8)
  10 killer bees
  3 wights (D:7)
  A lava snake (Lair:6)
  A crimson imp (D:8)
  4 electric eels
  2 goliath beetles
  12 orc priests
  8 hounds
  2 centaur zombies
  7 iguanas
  A centaur skeleton (D:9)
  2 giant frog zombies
  A giant frog skeleton (D:10)
  6 orc wizards
  7 worker ants
  A sheep (Lair:6)
  Ijyb (D:2)
  A hound zombie (D:6)
  3 mummies
  3 gnolls (D:3)
  A worker ant zombie (D:10)
  28 river rats
  22 adders
  8 giant mites (Lair:3)
  6 worms
  2 adder zombies (D:9)
  An adder skeleton (D:4)
  2 giant geckos
  An ooze (D:1)
  52 orcs
  2 ball pythons
  16 bats
  2 bat skeletons (D:5)
  7 giant cockroaches
  12 goblins
  17 hobgoblins
  4 jackals (D:4)
  10 quokkas
  A giant gecko skeleton (D:5)
  A giant gecko zombie (D:6)
  3 giant newts
  A giant spore (D:10)
  22 kobolds
  11 rats
  5 ballistomycetes
549 creatures vanquished.

Vanquished Creatures (collateral kills)
  Nikola (Spider:2)
  The ghost of bftschaos the Fencer, a mighty FoFi of Qazlal (Spider:1)
  2 orb spiders
  8 wolf spiders
  A cyclops (D:11)
  2 spiny frogs
  A torpor snail (Lair:7)
  2 black mambas
  2 fire drakes
  3 komodo dragons (Lair:1)
  8 demonic crawlers
  4 jumping spiders
  6 redbacks
  A trapdoor spider (Spider:1)
  5 tarantellas
  12 yaks
  3 fire bats (Lair:4)
  2 wargs (Orc:1)
  6 wolves
  2 water moccasins
  2 spiders (Lair:4)
  2 orc warriors
  2 crocodiles (Lair:3)
  A boring beetle (Lair:5)
  3 giant frogs
  A scorpion (Spider:2)
  An ice beast (Spider:1)
  A wight (D:7)
  2 crimson imps (D:11)
  2 lava snakes (Lair:6)
  2 orc wizards (Orc:1)
  A giant frog skeleton (D:11)
  A hound (D:8)
  13 river rats
  A shadow imp (D:11)
  An adder skeleton (D:5)
  6 orcs
  A goblin (D:5)
  A hobgoblin (D:5)
116 creatures vanquished.

Vanquished Creatures (others)
  An orb spider (Spider:2)
  A wolf spider (Spider:1)
  2 smoke demons (D:11)
  A demonic crawler (Spider:2)
  2 neqoxecs
  A ynoxinul (Lair:1)
  15 wargs
  55 wolves
  2 spiders (Spider:2)
  A slave (D:9)
  A giant frog (D:9)
  24 ice beasts
  35 hounds
  A sheep (Lair:3)
  A gnoll (D:9)
  A giant spore (D:6)
  21 fungi
  5 plants
170 creatures vanquished.

Grand Total: 835 creatures vanquished

Notes
Turn   | Place    | Note
--------------------------------------------------------------
     0 | D:1      | valsik64, the Gargoyle Fire Elementalist, began the quest for the Orb.
     0 | D:1      | Reached XP level 1. HP: 10/10 MP: 3/3
   108 | D:1      | Reached XP level 2. HP: 15/15 MP: 2/4
   278 | D:1      | You fall through a shaft!
   439 | D:2      | Found a snail-covered altar of Cheibriados.
   439 | D:2      | Found a bloodstained altar of Trog.
   494 | D:2      | Reached skill level 4 in Fire Magic
   494 | D:2      | Reached XP level 3. HP: 19/19 MP: 0/6
   813 | D:2      | Found a stormy altar of Qazlal.
   816 | D:2      | Found a burning altar of Makhleb.
   820 | D:2      | Became a worshipper of Makhleb the Destroyer
   824 | D:2      | Found an ancient bone altar of Kikubaaqudgha.
   916 | D:2      | Noticed Ijyb
   955 | D:2      | Killed Ijyb
   955 | D:2      | Reached XP level 4. HP: 24/24 MP: 0/7
  1280 | D:1      | Reached skill level 5 in Fire Magic
  1340 | D:1      | Learned a level 2 spell: Throw Flame
  1841 | D:1      | Acquired Makhleb's first power
  1917 | D:3      | Learned a level 3 spell: Conjure Flame
  2550 | D:3      | Reached XP level 5. HP: 26/28 MP: 3/9
  3021 | D:4      | Reached skill level 6 in Fire Magic
  3543 | D:4      | Acquired Makhleb's second power
  3543 | D:4      | Reached XP level 6. HP: 32/32 MP: 6/11
  3986 | D:4      | Learned a level 3 spell: Call Canine Familiar
  4192 | D:4      | Found a shimmering altar of Xom.
  4263 | D:4      | Reached skill level 1 in Summonings
  4350 | D:4      | Found an opulent altar of Gozag.
  4510 | D:4      | Reached XP level 7. HP: 28/36 MP: 4/14
  4883 | D:5      | Entered Level 5 of the Dungeon
  4965 | D:4      | Gained mutation: You are partially covered in yellow scales (AC +2). [mutagenic meat]
  5310 | D:5      | Noticed Sigmund
  5320 | D:5      | Killed Sigmund
  5343 | D:5      | Acquired Makhleb's third power
  5622 | D:5      | Found a staircase to the Ecumenical Temple.
  5803 | D:6      | Reached XP level 8. HP: 41/41 MP: 10/16
  5829 | D:6      | Reached skill level 5 in Conjurations
  6047 | D:6      | Reached skill level 7 in Fire Magic
  6234 | D:6      | Reached skill level 8 in Fire Magic
  6650 | D:6      | Noticed Edmund
  6747 | D:6      | Killed Edmund
  7052 | D:7      | Found a blossoming altar of Fedhas.
  7066 | D:7      | Found an iron altar of Okawaru.
  7176 | D:7      | Reached XP level 9. HP: 45/45 MP: 10/20
  7197 | D:7      | Found a shattered altar of Ashenzari.
  7232 | D:7      | Reached skill level 5 in Spellcasting
  7236 | D:7      | Learned a level 2 spell: Blink
  7334 | D:7      | Reached skill level 1 in Translocations
  7343 | D:7      | Acquired Makhleb's fourth power
  7545 | D:7      | Reached XP level 10. HP: 49/60 MP: 17/22
  7934 | D:8      | Learned a level 4 spell: Summon Ice Beast
  8213 | D:8      | Identified a scroll of acquirement
  8216 | D:8      | Got an ichor-stained buckler
  8222 | D:8      | Identified the +3 buckler "Poaha" {Str+2} (You acquired it on level 8 of the Dungeon)
  8322 | D:8      | Reached skill level 1 in Shields
  8324 | D:8      | Reached skill level 9 in Summonings
  8481 | D:8      | Noticed Joseph
  8506 | D:8      | Killed Joseph
  8516 | D:8      | Noticed Erolcha
  8590 | D:8      | Killed Erolcha
  9638 | D:9      | Found a shadowy altar of Dithmenos.
  9692 | D:9      | Reached XP level 11. HP: 64/64 MP: 17/23
  9733 | D:9      | Noticed Pikel
  9741 | D:9      | Killed Pikel
 10219 | D:9      | Found a radiant altar of Vehumet.
 10287 | D:10     | Entered Level 10 of the Dungeon
 10355 | D:10     | Found Elen Ong's Assorted Antiques.
 10364 | D:10     | Noticed Urug
 10418 | D:10     | Killed Urug
 10497 | D:10     | Bought a pair of glowing gloves for 90 gold pieces
 10615 | D:10     | Acquired Makhleb's fifth power
 10861 | D:10     | Found Mosuruh's Book Emporium.
 11302 | D:10     | Got a steaming robe
 11313 | D:10     | Identified the cursed -3 robe of Negation {rN+ Str-4 Dex+2} (You found it on level 10 of the Dungeon)
 12261 | D:11     | Reached skill level 1 in Armour
 12625 | D:11     | Found a staircase to the Lair.
 12643 | D:11     | Found a staircase to the Orcish Mines.
 13189 | Lair:1   | Entered Level 1 of the Lair of Beasts
 14541 | Orc:1    | Entered Level 1 of the Orcish Mines
 14610 | Orc:1    | Found Doumirch's Book Emporium.
 15100 | Orc:1    | Reached skill level 10 in Fire Magic
 15100 | Orc:1    | Reached XP level 12. HP: 70/70 MP: 6/24
 16251 | Lair:2   | Noticed a four-headed hydra
 16266 | Lair:2   | Killed a four-headed hydra
 17155 | Lair:3   | Reached skill level 5 in Dodging
 17674 | Lair:3   | You fall through a shaft for 2 floors!
 18022 | Lair:5   | Reached skill level 1 in Ice Magic
 19027 | Lair:4   | Found a hole to the Spider Nest.
 19778 | Lair:4   | Reached skill level 10 in Summonings
 20221 | Lair:3   | Reached XP level 13. HP: 76/76 MP: 15/25
 22145 | Lair:5   | Reached skill level 11 in Fire Magic
 22690 | Lair:6   | Found a viscous altar of Jiyva.
 22693 | Lair:6   | Found a staircase to the Slime Pits.
 22887 | Lair:6   | Found a staircase to the Swamp.
 23029 | Lair:6   | Noticed a five-headed hydra
 23047 | Lair:6   | Killed a five-headed hydra
 23093 | Lair:6   | Noticed a six-headed hydra
 23109 | Lair:6   | Killed a six-headed hydra
 23448 | Lair:6   | Reached skill level 12 in Fire Magic
 25356 | Spider:1 | Entered Level 1 of the Spider Nest
 25998 | Spider:1 | Got a blackened helmet
 26009 | Spider:1 | Identified the -1 helmet of the Bard {rPois rC- MP+9 Dex+2} (You acquired it on level 1 of the Spider Nest)
 26128 | Spider:1 | Reached skill level 13 in Fire Magic
 26271 | Spider:1 | Got a bound tin ring
 26274 | Spider:1 | Identified the ring of Juty Koga {Fire rElec MP+9 Int+7} (You found it on level 1 of the Spider Nest)
 26294 | Spider:1 | Noticed bftschaos' ghost (mighty FoFi)
 26356 | Spider:1 | Killed bftschaos' ghost
 27552 | Spider:1 | Gained mutation: Your wings are large and strong. [gargoyle growth]
 27552 | Spider:1 | Reached XP level 14. HP: 84/84 MP: 21/26
 28162 | Spider:2 | Reached skill level 1 in Maces & Flails
 28259 | Spider:2 | Noticed Nikola
 28312 | Spider:2 | Killed Nikola
 29426 | Spider:2 | Reached skill level 5 in Maces & Flails
 29777 | Spider:1 | Learned a level 5 spell: Fireball
 30876 | Spider:3 | Noticed Roxanne
 31411 | Spider:3 | Noticed Jorgrun
 31448 | Spider:3 | Killed Jorgrun
 31996 | Spider:4 | Noticed an emperor scorpion
 32054 | Spider:3 | Killed an emperor scorpion
 32564 | Spider:4 | Reached skill level 10 in Fighting
 32566 | Spider:4 | Noticed an emperor scorpion
 33090 | Swamp:1  | Entered Level 1 of the Swamp
 33103 | Lair:6   | Slain by a spiny frog

Action                   |  1- 3 |  4- 6 |  7- 9 | 10-12 | 13-15 || total
-------------------------+-------+-------+-------+-------+-------++-------
Melee: Unarmed           |    22 |    53 |       |       |       ||    75
       Staff             |       |    61 |   142 |   473 |   188 ||   864
       Great mace        |       |       |       |       |   241 ||   241
       Flail             |       |       |       |       |   182 ||   182
Throw: Stone             |    58 |    43 |    41 |    16 |       ||   158
       Javelin           |       |       |       |    34 |     9 ||    43
 Cast: Flame Tongue      |    42 |    93 |   157 |   767 |   534 ||  1593
       Throw Flame       |       |    32 |    35 |   128 |   131 ||   326
       Call Canine Famil |       |     1 |     5 |    71 |   104 ||   181
       Blink             |       |       |       |     6 |       ||     6
       Conjure Flame     |       |       |       |    22 |     2 ||    24
       Summon Ice Beast  |       |       |       |     7 |    42 ||    49
       Fireball          |       |       |       |       |    18 ||    18
Invok: Minor Destruction |       |       |       |     7 |       ||     7
       Lesser Servant of |       |       |       |     8 |     1 ||     9
       Major Destruction |       |       |       |     1 |       ||     1
 Abil: Fly               |       |       |       |       |     1 ||     1
Evoke: Wand              |       |       |       |       |     2 ||     2
  Use: Scroll            |       |     9 |     7 |    21 |    22 ||    59
       Potion            |       |       |     1 |     3 |    11 ||    15
 Stab: Sleeping          |       |     3 |     1 |     6 |     2 ||    12
       Distracted        |       |       |       |     1 |    13 ||    14
  Eat: Chunk             |       |    15 |    12 |    34 |    38 ||    99
       Beef jerky        |       |       |     1 |     1 |     1 ||     3
       Fruit             |       |       |       |    11 |    13 ||    24
       Royal jelly       |       |       |       |     2 |       ||     2
       Bread ration      |       |       |       |       |     1 ||     1
